 Dungeon Crawl Stone Soup version 0.26-a0-958-gf3041fb45f (webtiles) character file.

Game seed: 1929228334868352732

7987 Dracia the Spear-Bearer (level 11, -7/72 HPs)
             Began as a Merfolk Gladiator on Dec 1, 2020.
             Was a High Priest of Okawaru.
             Killed from afar by Erolcha (30 damage)
             ... with a crystal spear
             ... on level 10 of the Dungeon.
             The game lasted 00:39:33 (11122 turns).

Dracia the Spear-Bearer (Merfolk Gladiator)        Turns: 11122, Time: 00:39:33

Health: -7/72      AC: 13    Str: 16    XL:     11   Next: 23%
Magic:  8/15       EV: 21    Int:  9    God:    Okawaru [*****.]
Gold:   437        SH:  5    Dex: 16    Spells: 5/10 levels left

rFire    . . .     SeeInvis +   l - +1 spear (venom)
rCold    . . .     Faith    .   (no shield)
rNeg     . . .     Spirit   .   x - +1 steam dragon scales
rPois    .         Reflect  +   c - +0 helmet
rElec    .         Harm     .   (no cloak)
rCorr    .         Rampage  .   (no gloves)
MR       .....                  s - +0 pair of boots
Stlth    +++.......             q - amulet of reflection
HPRegen  0.22/turn              o - ring of see invisible
MPRegen  0.14/turn              n - +4 ring of protection

@: heroism, finesse
A: change form in water, swift swim, stealthy swim
a: Heroism, Finesse, Renounce Religion


You were on level 10 of the Dungeon.
You worshipped Okawaru.
Okawaru was extremely pleased with you.
You visited 2 branches of the dungeon, and saw 11 of its levels.

You collected 437 gold pieces.


   Skills:
 - Level 2.1(7.1) Fighting
 - Level 14.0(19.0) Polearms
 - Level 2.0(7.0) Throwing
 - Level 7.0(12.0) Dodging
 + Level 10.4 Summonings
 * Level 6.0 Invocations
 - Level 5.8 Evocations


You had 5 spell levels left.
You knew the following spells:

 Your Spells              Type           Power        Failure   Level
a - Call Imp              Summ           ###.....     1%          2
b - Call Canine Familiar  Summ           ###.....     1%          3

Your spell library contained the following spells:

 Spells                   Type           Power        Failure   Level
 Summon Small Mammal      Summ           ###.         1%          1
 Summon Guardian Golem    Hex/Summ       #.......     14%         3
 Animate Skeleton         Necr           #.....       38%         1
 Apportation              Tloc           #.....       38%         1
 Corona                   Hex            #......      38%         1
 Shock                    Conj/Air       #...         38%         1
 Summon Ice Beast         Ice/Summ       #.......     43%         4
 Summon Lightning Spire   Summ/Air       #.......     43%         4
 Gell's Gravitas          Tloc           #.........   77%         3
 Airstrike                Air            #.........   99%         4

Inventory:

Hand Weapons
 a - a +0 trident of freezing
 l - a +1 spear of venom (weapon)
Missiles
 d - 4 throwing nets (quivered) {=f}
 A - 4 boomerangs of dispersal {=f}
Armour
 b - a +0 leather armour
 c - a +0 helmet (worn)
 s - a +0 pair of boots (worn)
 x - +1 steam dragon scales (worn)
 z - a +0 cloak
Jewellery
 g - an uncursed amulet of regeneration
 n - a +4 ring of protection (right hand)
 o - a ring of see invisible (left hand)
 q - an amulet of reflection (around neck)
 t - an uncursed ring of ice
 C - a +6 ring of intelligence
Wands
 e - a wand of iceblast (30)
 f - a wand of random effects (13)
 y - a wand of acid (10)
Scrolls
 h - 3 scrolls of identify {@r1}
 j - 5 scrolls of immolation
 k - 4 scrolls of remove curse {@r2}
 m - 2 scrolls of random uselessness
 p - 2 scrolls of magic mapping
 B - a scroll of fog
Potions
 r - a potion of invisibility {unknown}
 u - 2 potions of flight
 w - 2 potions of haste {@q3}

Dungeon Overview and Level Annotations

Branches:
Dungeon (10/15)            Temple (1/1) D:4
   Lair: D:8-11         Orc: D:9-12

Altars:
Dithmenos
Elyvilon
Gozag
Kikubaaqudgha
Makhleb
Nemelex Xobeh
Okawaru
Qazlal
Sif Muna
Vehumet
Wu Jian
Xom
Zin
The Shining One

Shops:
D:4 }   D:6 :   D:8 :(

Annotations:
D:10 Erolcha

#.# #... #†####...
#####........
#######....#........
#..........+........
#.......(..#........
#..........#........
#..........#........
#..@.......#..#####.
+......"...#..#####.
#..........#........
#..O.......#........
#..........#........
+..........#..##....
#..........#..##....
#..........#..##....
#§..##.....#........


You could see Erolcha (fast).


Message History

As you read the scroll of fog, it crumbles to dust.
The scroll dissolves into smoke.
The phantom blinks!
You feel like a meek peon again.
Found a runed steel amulet.
Erolcha shouts!
The phantom blinks!
Erolcha casts a spell at you. You resist with some effort.
Found 7 stones.
Erolcha gestures wildly while chanting.
Erolcha seems to speed up.
You are too injured to fight recklessly!
You are too injured to fight recklessly!
You are too injured to fight recklessly!
You hit the phantom but do no damage.
The phantom is almost destroyed.
You hit the phantom.
You destroy the phantom!
Okawaru accepts your kill.
Your Invocations skill increases to level 6!
Use which ability? (? or * to list)
You can now deal lightning-fast blows.
Unknown command.
You are too injured to fight recklessly!
Unknown command.
Use which ability? (? or * to list)
You gain the combat prowess of a mighty hero.
Erolcha points at you and mumbles some strange words.
The crystal spear hits you!!
You die...

Skill      XL: |  1  2  3  4  5  6  7  8  9 10 11 |
---------------+----------------------------------+-----
Polearms       | 5 6 7 8 10 12 14 | 14.0
Summonings     | 4 8 10 | 10.4
Evocations     | 3 5 |  5.8
Dodging        | 6 7 |  7.0
Invocations    | 3 6 |  6.0
Fighting       | |  2.1
Throwing       | |  2.0

Action                   |  1- 3 |  4- 6 |  7- 9 | 10-12 || total
-------------------------+-------+-------+-------+-------++-------
Melee: Trident           |    57 |       |       |   150 ||   207
       Spear             |    24 |   178 |   673 |   427 ||  1302
       Tailslap          |       |       |     1 |       ||     1
       Punch             |       |       |     1 |     5 ||     6
Throw: Throwing net      |       |       |       |     1 ||     1
Invok: Heroism           |       |       |     2 |    11 ||    13
       Finesse           |       |       |       |     1 ||     1
  Use: Potion            |       |     4 |     2 |     7 ||    13
       Scroll            |       |     3 |    10 |     5 ||    18
 Stab: Sleeping          |     2 |     3 |     6 |     5 ||    16
       Distracted        |       |       |       |     1 ||     1
Armor: Leather armour    |    11 |    28 |    35 |       ||    74
       Steam dragon scal |       |       |    26 |    63 ||    89
       Skin              |       |       |       |    37 ||    37
Dodge: Dodged            |    38 |    51 |   153 |   214 ||   456
Block: Other             |       |    10 |    64 |    70 ||   144
       Reflection        |       |       |     2 |     1 ||     3

Levels and vault maps discovered:
D:1:      nzn_arrival_depleted_hourglass, layout_loops_ring
D:2:      layout_rooms
D:3:      layout_loops_ring
D:4:      layout_basic, minmay_temple_entry_overgrown, serial_shops,
          kennysheep_little_box, nicolae_tso_swordbearing_angel
D:5:      layout_loops_ring, zin_scriptorium, nicolae_ossuary_entry_catacombs,
          minmay_a_box_with_orc_wizards_in_it
D:6:      layout_cave_pools, old_standard_altar, serial_glass, glass_columns_a,
          glass_columns_a, glass_columns_a, glass_columns_a, glass_columns_b,
          serial_shops, shop, chequers_serial_rivers_small_b
D:7:      layout_loops_ring, basic_altar, uniq_prince_ribbit1, uniq_maggie,
          uniq_menkaure
D:8:      minmay_razor_zed, layout_rooms, nicolae_overflow_hidden_temple,
          serial_shops, shop, shop, nemelex_diamond_rough_becter, uniq_erica
D:9:      layout_roguey, minmay_misc_feat_rugged, grunt_ministairs_12
D:10:     layout_stronghold, erik_lair_orcish_takeover, david_orc_2,
          enter_trove_5, uniq_grum, uniq_erolcha, uniq_maurice
Temple:   dpeg_five_rooms_temple

Notes
Turn   | Place    | Note
-------+----------+-------------------------------------------
     0 | D:1      | Dracia the Merfolk Gladiator began the quest for the Orb.
     0 | D:1      | Reached XP level 1. HP: 16/16 MP: 1/1
   282 | D:1      | Reached skill level 5 in Polearms
   282 | D:1      | Reached XP level 2. HP: 20/22 MP: 2/2
   698 | D:2      | Reached skill level 6 in Polearms
   698 | D:2      | Reached XP level 3. HP: 21/27 MP: 3/3
   774 | D:2      | Reached skill level 7 in Polearms
   774 | D:2      | Reached XP level 4. HP: 13/33 MP: 4/4
   968 | D:2      | Reached skill level 8 in Polearms
   982 | D:2      | Reached XP level 5. HP: 38/38 MP: 5/5
  1977 | D:4      | Found a glowing golden altar of the Shining One.
  2055 | D:4      | Reached skill level 9 in Polearms
  2153 | D:4      | Found a staircase to the Ecumenical Temple.
  2169 | Temple   | Entered the Ecumenical Temple
  2300 | Temple   | Became a worshipper of Warmaster Okawaru
  2367 | D:4      | Noticed an ogre
  2378 | D:4      | Killed an ogre
  2379 | D:4      | Reached skill level 10 in Polearms
  2379 | D:4      | Reached XP level 6. HP: 44/44 MP: 6/6
  2449 | D:4      | Reached * piety under Okawaru
  2569 | D:4      | Reached XP level 7. HP: 50/50 MP: 7/7
  2754 | D:4      | Reached skill level 11 in Polearms
  2842 | D:4      | Found Biyty's Gadget Boutique.
  3195 | D:5      | Entered Level 5 of the Dungeon
  3488 | D:5      | Reached skill level 12 in Polearms
  3753 | D:5      | Found a glowing silver altar of Zin.
  3955 | D:5      | Reached ** piety under Okawaru
  3981 | D:5      | Reached XP level 8. HP: 37/56 MP: 8/8
  3993 | D:5      | Learned a level 2 spell: Call Imp
  3997 | D:5      | Learned a level 3 spell: Call Canine Familiar
  4230 | D:5      | Reached skill level 1 in Summonings
  4252 | D:5      | Reached skill level 13 in Polearms
  4269 | D:5      | Reached skill level 2 in Summonings
  4458 | D:5      | Reached skill level 3 in Summonings
  5081 | D:6      | Found an ancient bone altar of Kikubaaqudgha.
  5213 | D:6      | Reached *** piety under Okawaru
  5285 | D:6      | Found Mevu's Book Shop.
  5353 | D:6      | Reached skill level 4 in Summonings
  5362 | D:6      | Reached skill level 14 in Polearms
  5539 | D:6      | Reached XP level 9. HP: 53/61 MP: 9/9
  5850 | D:7      | Noticed Menkaure
  5865 | D:7      | Killed Menkaure
  5866 | D:7      | Reached skill level 5 in Summonings
  6092 | D:7      | Noticed Prince Ribbit
  6106 | D:7      | Killed Prince Ribbit
  6107 | D:7      | Reached skill level 6 in Summonings
  6330 | D:7      | Noticed Maggie
  6356 | D:7      | Killed Maggie
  6357 | D:7      | Reached skill level 7 in Summonings
  6453 | D:7      | Found a shimmering altar of Xom.
  6953 | D:8      | Found Joppusoi's Weapon Boutique.
  6966 | D:8      | Reached skill level 1 in Evocations
  6995 | D:8      | Reached **** piety under Okawaru
  7053 | D:7      | Reached skill level 5 in Dodging
  7053 | D:7      | Reached skill level 2 in Evocations
  7534 | D:8      | Noticed a hornet
  7556 | D:8      | Killed a hornet
  7557 | D:8      | Reached skill level 8 in Summonings
  7557 | D:8      | Reached skill level 3 in Evocations
  7561 | D:8      | Reached skill level 6 in Dodging
  7581 | D:8      | Reached XP level 10. HP: 42/67 MP: 10/10
  7777 | D:8      | Found a sparkling altar of Nemelex Xobeh.
  7887 | D:8      | Found Bugiabet's Book Shoppe.
  7996 | D:8      | Reached skill level 4 in Evocations
  8016 | D:8      | Reached skill level 7 in Dodging
  8186 | D:8      | Noticed Erica
  8216 | D:8      | Killed Erica
  8217 | D:8      | Reached skill level 9 in Summonings
  8222 | D:8      | Reached skill level 5 in Evocations
  8389 | D:8      | Reached ***** piety under Okawaru
  8389 | D:8      | Received a gift from Okawaru
  8645 | D:8      | Identified a potion of resistance
  8830 | D:9      | HP: 6/67 [troll (1)]
  8833 | D:9      | HP: 1/67 [troll (5)]
  9414 | D:9      | Reached skill level 1 in Invocations
  9424 | D:9      | Reached skill level 2 in Invocations
  9619 | D:9      | Reached skill level 3 in Invocations
 10140 | D:9      | Received a gift from Okawaru
 10141 | D:9      | Reached skill level 10 in Summonings
 10289 | D:9      | Reached XP level 11. HP: 72/72 MP: 11/13
 10301 | D:9      | Reached skill level 4 in Invocations
 10342 | D:9      | Reached skill level 5 in Invocations
 10484 | D:9      | Identified the Reference Book on Dislocated Air
 10700 | D:10     | Entered Level 10 of the Dungeon
 11024 | D:10     | Noticed Grum
 11077 | D:10     | Killed Grum
 11101 | D:10     | Noticed Erolcha
 11121 | D:10     | Reached skill level 6 in Invocations
 11122 | D:10     | Killed from afar by Erolcha

Vanquished Creatures
  Erica (D:8)
  Maggie (D:7)
  2 trolls (D:9)
  Prince Ribbit (D:7)
  A hornet (D:8)
  8 yaks (D:9)
  Menkaure (D:7)
  Grum (D:10)
  A water moccasin (D:9)
  2 ice beasts
  2 sky beasts
  2 phantoms
  A black bear (D:8)
  An orc warrior (D:8)
  3 ogres
  2 wolves (D:10)
  A centaur (D:10)
  2 big kobolds
  An elf zombie (D:5)
  5 elf skeletons (D:5)
  6 bullfrogs
  A wyvern zombie (D:10)
  10 killer bees
  9 wights
  6 howler monkeys
  A bullfrog zombie (D:9)
  5 hounds
  3 jellies
  2 gnoll shamans
  4 orc priests (D:8)
  A bullfrog skeleton (D:9)
  3 centaur skeletons
  12 orc wizards
  A human skeleton (D:5)
  3 iguanas
  6 worker ants
  A killer bee zombie (D:7)
  2 worker ant zombies
  A howler monkey skeleton (D:6)
  9 gnolls
  13 adders
  A shadow imp (D:3)
  3 white imps
  5 ufetubi
  An ooze (D:3)
  An adder skeleton (D:9)
  An adder zombie (D:8)
  4 worms
  4 dart slugs
  8 leopard geckos
  25 orcs
  7 giant cockroaches
  3 hobgoblins
  11 jackals
  4 quokkas
  A ball python (D:3)
  3 bats
  A frilled lizard (D:3)
  7 goblins
  15 kobolds
  A leopard gecko skeleton (D:6)
  A leopard gecko zombie (D:7)
  3 orc skeletons (D:5)
  An orc zombie (D:5)
  6 rats
255 creatures vanquished.

Vanquished Creatures (others)
  A plant (D:4)
1 creature vanquished.

Grand Total: 256 creatures vanquished

Table legend: (Time is in decaauts)
 A = Elapsed time spent in this place.
 B = Non-inter-level travel time spent in this place.
 C = Inter-level travel time spent in this place.
 D = Time resting spent in this place.
 E = Time spent auto-exploring this place.
 F = Levels seen in this place.
 G = Mean time per level.
                   A        B        C        D        E       F      G
               +--------+--------+--------+--------+--------+-----+--------+
         Total |  10478 |   9816 |    662 |   1619 |   6334 |  11 |  952.5 |
       Dungeon |  10294 |   9714 |    580 |   1619 |   6233 |  10 | 1029.4 |
        Temple |    184 |    103 |     81 |      0 |    101 |   1 |  184.0 |
               +--------+--------+--------+--------+--------+-----+--------+

Top non-repeatable levels by time:
     D:9: 1866 daAuts
     D:5: 1499 daAuts
     D:7: 1373 daAuts
     D:8: 1310 daAuts
     D:4: 1250 daAuts
     D:1: 690 daAuts
     D:6: 663 daAuts
     D:2: 638 daAuts
     D:3: 637 daAuts
    D:10: 364 daAuts
  Temple: 184 daAuts

Table legend:
 A = Non-vault XP
 B = Vault XP
 C = Vault XP percentage of total XP
 D = Non-vault monster count
 E = Vault monster count
 F = Vault count percentage of total count
                 A         B        C        D         E       F
            +---------+---------+-------+---------+---------+-------
      Total |    8039 |    3372 |  29.6 |     219 |      36 |  14.1
            +---------+---------+-------+---------+---------+-------
        D:1 |      32 |       0 |   0.0 |      13 |       0 |   0.0
        D:2 |     143 |       0 |   0.0 |      26 |       0 |   0.0
        D:3 |      80 |       0 |   0.0 |      19 |       0 |   0.0
        D:4 |     607 |       0 |   0.0 |      20 |       0 |   0.0
        D:5 |     194 |     743 |  79.3 |      10 |      16 |  61.5
        D:6 |     573 |       0 |   0.0 |      25 |       0 |   0.0
        D:7 |     556 |     821 |  59.6 |      14 |       3 |  17.6
        D:8 |    2124 |    1384 |  39.5 |      49 |      13 |  21.0
        D:9 |    2888 |       8 |   0.3 |      33 |       1 |   2.9
       D:10 |     842 |     416 |  33.1 |      10 |       3 |  23.1
            +---------+---------+-------+---------+---------+-------
